Map: Catalyst LE

Players

Rhizer

  • Race: Protoss Protoss
  • Spawn Location: 11:00

Epic - Winner!

  • Race: Terran Terran
  • Spawn Location: 5:00

Event: WCS Austin 2018

VOD

Have the link to the VOD?

Description

Time

  • Played on: June 1, 2018, 1:49 p.m.
  • Length: 9:53

All games in this series

Show
View Real Time Build Order
Export as new Build Order

Rhizer Protoss 

Build Orders: 1 Gate Expand, Dark Templar Rush 

Get SALT Encoding   

  12  0:00  Probe  
  13  0:12  Probe  
  14  0:17  Pylon  
  14  0:24  Probe  
  15  0:32  Probe  
  15  0:39  Gateway  
  15  0:40  Probe  
  16  0:48  Assimilator  
  17  0:51  Probe  
  18  1:03  Probe  
  19  1:15  Probe  
  20  1:26  Nexus  
  20  1:35  Cybernetics Core  
  20  1:38  Probe  
  21  1:45  Assimilator  
  21  1:50  Probe  
  22  1:54  Pylon  
  22  2:02  Probe  
  22  2:03  Adept  
  23  2:10  Probe  
  23  2:13  Warp Gate  
  26  2:18  Probe  
  27  2:24  Stalker  
  27  2:29  Probe  
  30  2:41  Probe  
  30  2:43  Probe  
  32  2:49  Stalker  
  32  2:53  Probe  
  32  2:54  Twilight Council  
  32  2:56  Probe  
  35  3:05  Probe  
  36  3:08  Probe  
  36  3:10  Pylon  
  37  3:17  Probe  
  38  3:21  Robotics Facility  
  38  3:23  Probe  
  39  3:29  Probe  
  40  3:35  Probe  
  40  3:41  Gateway  
  39  3:43  Gateway  
  39  3:46  Shield Battery  
  39  3:47  Probe  
  40  3:54  Dark Shrine, Probe  
  41  3:59  Probe  
  41  4:02  Warp Prism  
  43  4:10  Assimilator  
  43  4:11  Probe  
  43  4:12  Assimilator  
  43  4:13  Probe  
  46  4:21  Pylon  
  46  4:24  Probe  
  47  4:25  Probe  
  47  4:30  Pylon  
  48  4:36  Probe  
  48  4:38  Probe  
  49  4:46  Observer  
  49  4:48  Probe, Charge  
  49  4:49  Pylon  
  49  4:51  Stalker x3  
  55  5:02  Probe  
  55  5:04  Probe  
  40  5:14  Probe  
  40  5:17  Shadow Stride  
  40  5:19  Dark Templar  
  43  5:21  Probe  
  43  5:23  Dark Templar  
  43  5:24  Probe  
  46  5:29  Probe  
  46  5:32  Probe  
  46  5:39  Probe  
  48  5:44  Probe  
  48  5:47  Probe  
  47  5:55  Probe  
  47  5:56  Probe  
  50  6:05  Probe  
  50  6:08  Probe  
  50  6:10  Dark Templar x2  
  56  6:13  Pylon  
  56  6:17  Probe  
  57  6:20  Probe  
  58  6:30  Probe  
  58  6:32  Probe  
  60  6:34  Gateway  
  60  6:37  Gateway  
  60  6:39  Gateway  
  60  6:41  Gateway  
  60  6:54  Dark Templar x3  
  60  6:56  Pylon  
  66  7:02  Observer, Gateway  
  67  7:21  Warp Prism  
  67  7:29  Dark Templar x2  
  71  7:30  Dark Templar  
  71  7:33  Zealot x2  
  71  7:34  Zealot  
  81  7:58  Dark Templar x2  
  75  7:59  Zealot x2  
  75  8:02  Zealot x2, Dark Templar  
  81  8:13  Pylon  
  81  8:19  Zealot x2  
  83  8:20  Zealot  
  69  8:41  Dark Templar x3  
  71  8:42  Zealot x4  
  71  8:43  Zealot  
  85  8:57  Pylon  
  71  9:11  Zealot x5  
  71  9:13  Zealot  
  71  9:14  Zealot x2  
  69  9:38  Dark Templar x2  
  69  9:39  Dark Templar x3  
  69  9:40  Zealot  
  69  9:42  Zealot  
Show
View Real Time Build Order
Export as new Build Order

Epic Terran - Winner!

Build Orders: Reaper Expand, MMM Bio 

Get SALT Encoding   

  12  0:00  SCV  
  13  0:12  SCV  
  14  0:17  Supply Depot  
  14  0:24  SCV  
  15  0:38  SCV  
  15  0:40  Barracks  
  16  0:43  Refinery  
  16  0:50  SCV  
  17  1:02  SCV  
  18  1:15  SCV  
  19  1:27  Orbital Command, Reaper  
  20  1:44  Command Center  
  20  1:54  Supply Depot  
  20  1:56  SCV  
  21  2:01  Marine  
  22  2:10  Factory  
  22  2:11  SCV  
  23  2:16  Refinery  
  23  2:21  Barracks Reactor  
  23  2:24  SCV  
  24  2:36  SCV  
  25  2:48  SCV  
  26  2:55  Starport  
  26  2:57  Orbital Command  
  26  3:00  SCV  
  26  3:02  Hellion x2  
  31  3:12  SCV  
  32  3:15  Barracks Tech Lab  
  32  3:24  Widow Mine x2, SCV x2  
  38  3:37  Medivac  
  38  3:38  SCV x2  
  42  3:43  Supply Depot  
  42  3:46  Widow Mine  
  44  3:49  Widow Mine  
  44  3:54  Supply Depot  
  46  4:04  SCV x2  
  48  4:10  Command Center  
  48  4:17  SCV x2  
  49  4:19  Barracks  
  49  4:23  Engineering Bay  
  49  4:27  Marine  
  49  4:29  SCV x2  
  52  4:32  Siege Tank  
  52  4:33  Bunker  
  52  4:34  Starport Tech Lab  
  55  4:41  SCV x2  
  57  4:48  Supply Depot  
  57  4:56  SCV x2  
  57  4:59  Raven, Marine  
  58  5:00  Missile Turret  
  58  5:02  Missile Turret  
  58  5:08  SCV x2  
  58  5:10  Siege Tank, Marine x2  
  57  5:17  Refinery  
  58  5:22  Orbital Command  
  58  5:23  SCV  
  58  5:25  SCV  
  58  5:29  Barracks Tech Lab  
  58  5:30  Refinery  
  58  5:32  Marine x2  
  56  5:45  SCV x2  
  56  5:48  Stimpack  
  58  5:52  Barracks  
  58  5:56  Marine x3  
  61  6:00  SCV x3  
  64  6:05  Siege Tank  
  64  6:07  Starport Reactor  
  67  6:15  Barracks  
  67  6:16  Barracks  
  67  6:19  SCV x2  
  67  6:21  Orbital Command  
  67  6:23  Marine  
  67  6:24  Marauder, Marine  
  73  6:31  SCV x2  
  72  6:43  SCV x2  
  69  6:47  SCV  
  69  6:53  Marauder x2, Factory Reactor, Marine x2  
  75  6:55  Combat Shield, SCV  
  75  6:58  SCV  
  75  6:59  SCV  
  78  7:03  Barracks Reactor  
  78  7:07  SCV  
  78  7:08  Medivac x2  
  83  7:11  SCV x2  
  83  7:12  Missile Turret, Supply Depot  
  85  7:15  Supply Depot  
  85  7:24  Supply Depot  
  85  7:31  Bunker  
  85  7:33  Bunker, SCV, Marine x2  
  85  7:34  Marauder x2, Supply Depot, SCV  
  85  7:35  SCV  
  93  7:37  Marauder, Widow Mine x2  
  99  7:46  SCV x2  
  99  7:47  SCV  
  94  7:51  Marine x2  
  94  7:52  Marine  
  94  7:53  Marine  
  94  7:55  Marauder x2  
  94  7:56  Medivac  
  89  7:58  Marauder  
  86  8:07  Missile Turret  
  86  8:09  Marine x2  
  86  8:11  Widow Mine x2, Medivac  
  91  8:17  Marauder x2  
  89  8:20  Marauder  
  89  8:25  Medivac  
  78  8:27  SCV x2  
  78  8:28  Marine  
  78  8:29  Marine x3  
  83  8:35  Widow Mine x2  
  83  8:36  Orbital Command  
  83  8:38  Marauder x2  
  83  8:41  SCV x2  
  93  8:45  Marauder  
  95  8:54  SCV x2  
  97  8:56  Widow Mine x2  
  97  8:59  Marauder x2  
  97  9:00  Marine x4  
  97  9:12  Medivac  
  97  9:13  Medivac  
  97  9:14  Marauder  
  95  9:18  Marine x2  
  95  9:21  Marauder  
  95  9:23  Widow Mine  
  95  9:24  Widow Mine, Marine  
  106  9:25  Marine x2  
  106  9:35  Marine  
  109  9:42  Supply Depot  
  109  9:43  Supply Depot  
Tags
 
Add a new tag
Caveats
  • Supply blocks, unpowered buildings, or Contaminate may cause inaccurate times.
  • Supply counts are checked every 10 seconds.